 Dungeon Crawl Stone Soup version 0.30-a0-777-ga9a30cbeda (webtiles) character file.

Game seed: 17360547789074525702

280 Zenkrye the Poker (level 6, 0/47 HPs)
             Began as a Human Cinder Acolyte on Feb 14, 2023.
             Was a High Priest of Ignis.
             Slain by Duvessa
             ... wielding a +2 short sword of speed
              (4 damage)
             ... on level 4 of the Dungeon.
             The game lasted 00:09:09 (3950 turns).

Zenkrye the Poker (Human Cinder Acolyte)            Turns: 3950, Time: 00:09:10

Health: 0/47       AC:  8    Str: 16    XL:     6   Next: 52%
Magic:  3/16       EV: 10    Int: 14    God:    Ignis [*****.]
Gold:   188        SH:  0    Dex:  9    Spells: 5/7 levels left

rFire   + . .      SeeInvis .    j - +0 sling
rCold   . . .      Faith    .    (no shield)
rNeg    . . .      Spirit   .    k - +0 ring mail
rPois   .          Reflect  .    (no helmet)
rElec   .          Harm     .    (no cloak)
rCorr   .          Rampage  .    (no gloves)
Will    .....                    l - +2 pair of boots Stlth
                                 (no amulet)
HPRegen 0.27/turn                x - ring of magical power
MPRegen 0.15/turn                (no ring)

@: no status effects
A: no striking features
a: Renounce Religion, Fiery Armour, Foxfire Swarm, Rising Flame


You were on level 4 of the Dungeon.
You worshipped Ignis.
Ignis was extremely pleased with you.
You visited 1 branch of the dungeon, and saw 4 of its levels.

You collected 188 gold pieces.

Inventory:

Hand Weapons
 a - a +0 spear of flaming
 j - a +0 sling (weapon)
 r - the +3 dagger "Irigischytu" {freeze, rElec rPois}
   (You took it off an orc wizard on level 3 of the Dungeon)

   rElec:     It insulates you from electricity.
   rPois:     It protects you from poison.
Armour
 b - a +0 robe
 e - a +0 chain mail
 k - a +0 ring mail (worn)
 l - a +2 pair of boots (worn)
 m - a +0 cloak
Magical Staves
 f - a staff of death
Jewellery
 n - a ring of positive energy
 x - a ring of magical power (left hand)
Scrolls
 i - 3 scrolls of identify {@r1}
 p - a scroll of amnesia
Potions
 c - 3 potions of curing {@q1}
 d - 2 potions of flight {unknown}
 h - 2 potions of invisibility {unknown}
 o - a potion of magic {unknown}


   Skills:
 - Level 3.0 Fighting
 + Level 5.5 Polearms
 - Level 1.0 Spellcasting
 - Level 5.0 Fire Magic


You had 5 spell levels left.
You knew the following spells:

 Your Spells              Type           Power      Damage    Failure   Level
a - Scorch                Fire           28%        2d6       10%         2

Your spell library contained the following spells:

 Spells                   Type           Power      Damage    Failure   Level


Dungeon Overview and Level Annotations

Branches:
Dungeon (4/15)
 Temple: D:4-7

Altars:
Kikubaaqudgha

Annotations:
D:4 Duvessa


Message History

Dowan's fire resistance burns away.
Casting: Scorch (safe; 10% risk of failure)
Confirm with . or Enter, or press ? or * to list all spells.
Flames lash Dowan.
Dowan is burned terribly!
Dowan is heavily wounded.
Dowan smirks and points a slender finger.
Dowan hits you but does no damage.
Duvessa hits you with a +2 short sword of speed.
Casting: Scorch (safe; 10% risk of failure)
Confirm with . or Enter, or press ? or * to list all spells.
Flames lash Duvessa.
Duvessa is burned terribly!
Duvessa is heavily wounded.
Duvessa says, "Where magic fails, the sword succeeds!"
Duvessa hits you with a +2 short sword of speed.
Dowan hits you with a +0 dagger.
Duvessa hits you with a +2 short sword of speed!
Casting: Scorch (safe; 10% risk of failure)
Confirm with . or Enter, or press ? or * to list all spells.
Flames lash Dowan.
Dowan is burned terribly!
Dowan is severely wounded.
Dowan hits you with a +0 dagger.
Duvessa hits you with a +2 short sword of speed.
Casting: Scorch (safe; 10% risk of failure)
Confirm with . or Enter, or press ? or * to list all spells.
Flames lash Duvessa.
Duvessa is heavily wounded.
Duvessa hits you but does no damage. Dowan barely misses you.
Duvessa hits you with a +2 short sword of speed.
* * * LOW HITPOINT WARNING * * *
Unknown command.
Casting: Scorch (safe; 10% risk of failure)
Confirm with . or Enter, or press ? or * to list all spells.
Flames lash Dowan.
Dowan is burned terribly!
You kill Dowan!
Duvessa weeps, and shakes her weapon.
Duvessa goes berserk!
Duvessa hits you with a +2 short sword of speed!
* * * LOW HITPOINT WARNING * * *
Duvessa hits you with a +2 short sword of speed.
You die...

#.....#####
#.........#
#.........#
###.........#######
#.................#
#.................#
#.(...............#
#.....###...).....#
####.....###...e@....#
..#......+.'.........#
..#......###.........#
.........# #......^..#
...(.....#
#.........###
..#......#
#............
###......#
#####........
###'####### #........
#.[.......# #........


You could see Duvessa (berserk, combustible).

Vanquished Creatures
  Dowan (D:4)
  2 orc priests (D:3)
  2 orc wizards
  4 gnolls (D:3)
  3 adders
  2 worms
  3 dart slugs
  2 orcs (D:3)
  7 ball pythons
  12 endoplasms
  3 giant cockroaches
  11 goblins
  6 hobgoblins
  8 jackals (D:2)
  8 kobolds
  3 quokkas
  4 bats
  3 frilled lizards
  6 rats
90 creatures vanquished.

Notes
Turn   | Place    | Note
-------+----------+-------------------------------------------
     0 | D:1      | Zenkrye the Human Cinder Acolyte began the quest for the
                  | Orb.
     0 | D:1      | Reached XP level 1. HP: 18/18 MP: 2/2
    69 | D:1      | Reached XP level 2. HP: 3/24 MP: 3/3
   184 | D:1      | Learned a level 2 spell: Scorch
   416 | D:1      | Reached XP level 3. HP: 29/29 MP: 4/4
  1349 | D:2      | Reached XP level 4. HP: 35/35 MP: 5/5
  1664 | D:2      | Found an ancient bone altar of Kikubaaqudgha.
  2202 | D:2      | Found a faded altar of an unknown god.
  2383 | D:3      | Reached XP level 5. HP: 31/41 MP: 6/6
  2825 | D:3      | Identified the +3 dagger "Irigischytu" {freeze, rElec
                  | rPois}
  3016 | D:3      | Reached XP level 6. HP: 11/47 MP: 7/7
  3019 | D:2      | Reached skill level 5 in Polearms
  3019 | D:2      | Reached skill level 5 in Fire Magic
  3821 | D:4      | Noticed Duvessa
  3821 | D:4      | Noticed Dowan
  3950 | D:4      | Killed Dowan
  3950 | D:4      | Slain by Duvessa

Illustrated notes

Levels and vault maps discovered:
D:1:      dpeg_arrival_round_c, layout_basic
D:2:      layout_rooms, basic_altar, shapermc_ecumenical_altar_pompeii,
          chequers_arboretum, st_stairs_12, kennysheep_cluttered_room,
          minmay_small_reverse_x
D:3:      layout_loops_ring, minmay_misc_feat_tiny
D:4:      layout_basic, mainiacjoe_overflow_small_starburst, uniq_duvessa

Skill      XL: |  1  2  3  4  5  6 |
---------------+-------------------+-----
Polearms       | 4 5 |  5.5
Fire Magic     | 4 5 |  5.0
Fighting       | |  3.0
Spellcasting   | |  1.0

Action                     |  1- 3 |  4- 6 || total
---------------------------+-------+-------++-------
  Melee: Spear             |    76 |   128 ||   204
         Punch             |     1 |     1 ||     2
   Fire: Sling             |    35 |   102 ||   137
   Cast: Scorch            |     6 |    40 ||    46
    Use: Scroll            |     4 |     4 ||     8
 Armour: Robe              |    10 |       ||    10
         Ring mail         |    17 |    89 ||   106
  Dodge: Dodged            |    38 |   113 ||   151

Table legend: (Time is in decaauts)
 A = Elapsed time spent in this place.
 B = Non-inter-level travel time spent in this place.
 C = Inter-level travel time spent in this place.
 D = Time resting spent in this place.
 E = Time spent auto-exploring this place.
 F = Levels seen in this place.
 G = Mean time per level.
                   A        B        C        D        E       F      G
               +--------+--------+--------+--------+--------+-----+--------+
         Total |   3994 |   3906 |     88 |    459 |   2636 |   4 |  998.5 |
       Dungeon |   3994 |   3906 |     88 |    459 |   2636 |   4 |  998.5 |
               +--------+--------+--------+--------+--------+-----+--------+

Top non-repeatable levels by time:
     D:2: 1328 daAuts
     D:1: 1240 daAuts
     D:3: 1155 daAuts
     D:4: 270 daAuts
